Description

3 base tvt opening. Play defensive with siege tanks and missile turrets. Use raven to harass.

VOD

https://www.youtube.com/watch?v=qBn5YYLAmcg

Build Order

Get SALT Encoding   

  14  0:19  Supply Depot  
  15  0:30  Refinery  
  16  0:45  Barracks  
  17  0:57  Refinery  
  19  1:34  Orbital Command, Factory  
  20  1:37  Reaper  
  20  1:55  Supply Depot  
  23  2:09  Reaper  
  26  2:19  Cyclone  
  26  2:30  Starport  
  28  2:48  Barracks Tech Lab  Swap with Starport
  28  2:51  Supply Depot, Factory Tech Lab  
  32  3:30  Siege Tank  
  33  3:40  Command Center  
  35  3:41  Raven  
  35  3:46  Supply Depot  
  36  4:00  Factory  
  37  4:05  Supply Depot  
  41  4:13  Siege Tank  
  42  4:43  Factory Reactor  
  42  4:48  Refinery x2  
  46  4:49  Siege Tank  
  47  5:12  Command Center  
  50  5:22  Hellion  
  53  5:23  Raven  
  58  5:37  Siege Tank  
Spawning Tool Build Advisor. Get it on Overwolf

Go to:

Details

  • Created by: NearNirvanna
  • Published on: Mar 09, 2017
  • Modified on: Mar 09, 2017
  • Patch: 3.8.0
Show
View Real Time Build Order
Export as new Build Order

Comments (0)

There are no comments. Be the first!

Create an account to comment!